 Dungeon Crawl Stone Soup version 0.27.0-1-g7a089689b8 (webtiles) character file.

Game seed: 5900715455692429086

54 Naeght the Slasher (level 3, -5/33 HPs)
             Began as a Minotaur Berserker on Aug 16, 2021.
             Was a Believer of Trog.
             Slain by a worm (9 damage)
             ... on level 2 of the Dungeon.
             The game lasted 00:01:13 (1346 turns).

Naeght the Slasher (Minotaur Berserker)             Turns: 1346, Time: 00:01:14

Health: -5/33      AC:  2    Str: 22    XL:     3   Next: 66%
Magic:  2/2        EV: 12    Int:  4    God:    Trog [**....]
Gold:   36         SH:  0    Dex:  9    Spells: 2/2 levels left

rFire    . . .     SeeInvis .   a - +0 falchion
rCold    . . .     Faith    .   (no shield)
rNeg     . . .     Spirit   .   b - +0 animal skin
rPois    .         Reflect  .   (helmet restricted)
rElec    .         Harm     .   (no cloak)
rCorr    .         Rampage  .   (no gloves)
Will     .....                  (no boots)
Stlth    +.........             (no amulet)
HPRegen  0.11/turn              (no ring)
MPRegen  0.08/turn              (no ring)

@: no status effects
A: horns 2, retaliatory headbutt
a: Renounce Religion, Berserk, Trog's Hand


You were on level 2 of the Dungeon.
You worshipped Trog.
Trog was pleased with you.
You visited 1 branch of the dungeon, and saw 2 of its levels.

You collected 36 gold pieces.

Inventory:

Hand Weapons
 a - a +0 falchion (weapon)
Armour
 b - a +0 animal skin (worn)
Jewellery
 k - a ring of resist corrosion
Scrolls
 d - 2 scrolls of identify {unknown}
 e - 2 scrolls of enchant armour {unknown}
 f - a scroll of noise {unknown}
 h - a scroll of amnesia {unknown}
 i - 2 scrolls of teleportation {unknown}
Potions
 c - 2 potions of lignification {unknown}
 g - a potion of curing {unknown}
 j - a potion of degeneration {unknown}


   Skills:
 + Level 4.1 Fighting
 * Level 4.5 Long Blades
 + Level 3.0 Armour
 + Level 2.8 Dodging


You had 2 spell levels left.
You didn't know any spells.
Your spell library was empty.

Dungeon Overview and Level Annotations

Branches:
Dungeon (2/15)

Altars:

Shops:
D:1 (


Innate Abilities, Weirdness & Mutations

You have a pair of horns on your head.
You reflexively headbutt those who attack you in melee.


Message History

The adder is heavily wounded.
The adder bites you.
You are poisoned.
The adder poisons you!
You miss the adder.
The adder is heavily wounded.
You feel sick. The adder closely misses you. The adder barely misses you.
Unknown command.
You hit the adder. Your headbutt misses the adder.
The adder is severely wounded.
You feel sick. The adder barely misses you.
You riposte.
You hit the adder.
You kill the adder!
Trog accepts your kill.
You hit the rat.
You kill the rat!
Trog accepts your kill.
You can now call upon Trog for regeneration and willpower.
You feel sick.
You feel sick.
You are no longer poisoned.
There are no items here.
You see here a ring of resist corrosion.
k - a ring of resist corrosion
Okay, then.
You hit the worm.
The worm is moderately wounded.
You hit the worm but do no damage.
The worm is moderately wounded.
The worm bites you.
* * * LOW HITPOINT WARNING * * *
You hit the worm. Your headbutt misses the worm.
The worm is moderately wounded.
You slash the worm! You headbutt the worm.
The worm is almost dead.
The worm bites you.
* * * LOW HITPOINT WARNING * * *
You hit the worm but do no damage. Your headbutt misses the worm.
The worm is almost dead.
The worm bites you!
You die...

#..# ... ..# ##..#.# . #...
.....#... ##.#.# . #..# ...#...#
#...# .$#..# .......# ######..##
..#..# ..#...###........#
.w#..## #..#....#.........#
#.)...#####.#..............#
..†........................#####
............##.w@#####.........#
.........†.....#.# #.........#
.....$....#......### #...†.....#
..........##...#†..###.........#
..........####......#..........#
##........#######..............#
##........##...##....#.........#
...............................#
#.#......)......$..............#


You could see a worm.

Vanquished Creatures
  2 adders (D:2)
  3 ball pythons
  4 giant cockroaches
  2 goblins (D:2)
  3 hobgoblins
  7 jackals (D:2)
  3 quokkas
  2 bats (D:2)
  3 frilled lizards
  A kobold (D:2)
  A rat (D:2)
31 creatures vanquished.

Notes
Turn   | Place    | Note
-------+----------+-------------------------------------------
     0 | D:1      | Naeght the Minotaur Berserker began the quest for the Orb.
     0 | D:1      | Reached XP level 1. HP: 19/19 MP: 0/0
   727 | D:1      | Reached XP level 2. HP: 26/27 MP: 1/1
   822 | D:1      | Found Poci's Antique Weapon Boutique.
  1092 | D:2      | Reached XP level 3. HP: 25/33 MP: 2/2
  1335 | D:2      | Reached ** piety under Trog
  1346 | D:2      | Slain by a worm

Illustrated notes

Levels and vault maps discovered:
D:1:      matt_arrival_los_fun, layout_loops_corners, serial_shops, shop
D:2:      layout_rooms

Skill      XL: |  1  2  3 |
---------------+----------+-----
Long Blades    | 4 |  4.5
Fighting       | 4 |  4.1
Armour         | 3 |  3.0
Dodging        | |  2.8

Action                   || total
-------------------------++-------
Melee: Falchion          ||    59
       Headbutt          ||     9
Armor: Animal skin       ||     7
Dodge: Dodged            ||    62
       Rpst.: Falchion   ||    20
